 Dungeon Crawl Stone Soup version 0.31-a0-1626-g5cb510d322 (webtiles) character file.

Game seed: 15786600916184762793

29 Ivernyr the Shield-Bearer (level 3, 0/30 HPs)
             Began as a Formicid Fighter on Jan 12, 2024.
             Slain by an adder (1 damage)
             ... on level 2 of the Dungeon.
             The game lasted 00:01:19 (1166 turns).

Ivernyr the Shield-Bearer (Formicid Fighter)        Turns: 1166, Time: 00:01:20

Health: 0/30       AC:  6    Str: 22    XL:     3   Next: 32%
Magic:  3/3        EV:  9    Int:  7    God:
Gold:   73         SH:  5    Dex: 13    Spells: 2/2 levels left

rFire   . . .        a - +0 quarterstaff
rCold   . . .        c - +0 buckler
rNeg    . . .        b - +0 scale mail
rPois   .            (helmet unavailable)
rElec   .            (no cloak)
rCorr   .            (no gloves)
SInv    +            (no boots)
Will    .....        (no amulet) Stlth
                     (no ring)
HPRegen 0.25/turn    (no ring)
MPRegen 0.08/turn

%: no passive effects
@: lethally poisoned (0 -> -1)
A: permanent stasis, dig shafts and tunnels, antennae 3, four strong arms
a: Dig, Shaft Self


You were on level 2 of the Dungeon.
You visited 1 branch of the dungeon, and saw 2 of its levels.

You collected 73 gold pieces.

Inventory:

Hand Weapons
 a - a +0 quarterstaff (weapon)
Armour
 b - a +0 scale mail (worn)
 c - a +0 buckler (worn)
Scrolls
 f - a scroll of teleportation {unknown}
Potions
 d - a potion of might
 e - a potion of heal wounds {unknown}
 g - a potion of enlightenment {unknown}
 h - 2 potions of degeneration {unknown}


   Skills:
 + Level 3.7 Fighting
 + Level 2.4 Staves
 + Level 3.6 Armour
 + Level 4.5 Shields


You had 2 spell levels left.
You didn't know any spells.
Your spell library was empty.

Dungeon Overview and Level Annotations

Branches:
Dungeon (2/15)

Altars:


Innate Abilities, Weirdness & Mutations

You cannot be hasted, slowed, berserked, paralysed or teleported.
You can dig through walls and to a lower floor.
You have a pair of large antennae on your head. (SInv)
Your four strong arms can wield two-handed weapons with a shield.


Message History

You hit the jackal.
The jackal is heavily wounded.
The jackal bites you.
* * * LOW HITPOINT WARNING * * *
The jackal closely misses you.
You hit the jackal.
The jackal is almost dead.
You block the adder's attack.
The jackal bites you but does no damage.
The adder bites you but does no damage.
You barely miss the jackal.
The jackal is almost dead.
The jackal closely misses you. The adder barely misses you.
The jackal bites you.
* * * LOW HITPOINT WARNING * * *
You completely miss the jackal.
The jackal is almost dead.
The adder bites you but does no damage.
The jackal bites you but does no damage.
The adder bites you.
* * * LOW HITPOINT WARNING * * *
You are lethally poisoned!
The adder poisons you! You block the jackal's attack.
You barely miss the jackal.
The jackal is severely wounded.
* * * LOW HITPOINT WARNING * * *
You feel sick. The adder bites you but does no damage.
The jackal bites you but does no damage.
Unknown command.
You barely miss the jackal.
The jackal is severely wounded.
* * * LOW HITPOINT WARNING * * *
You feel sick. The adder bites you but does no damage.
You block the jackal's attack. The adder bites you but does no damage.
The jackal barely misses you.
You barely miss the jackal.
The jackal is severely wounded.
* * * LOW HITPOINT WARNING * * *
You feel sick. You block the jackal's attack. The adder bites you.
You die...

#.....##.# #.....##.#
###.....##.#
.......##.####
#.....#.....{
#.....#..# #$..h....#
#.....##h# #....K##@#
..
##...h.#S##########...
###.#.#............##
#.#.####...<.[.....
#...# #....#######
######.####....#...
#.......##.......#
#........#..........
##................###


You could see an adder and a jackal.

Vanquished Creatures
  2 endoplasms
  A giant cockroach (D:1)
  2 goblins (D:1)
  A hobgoblin (D:1)
  7 jackals (D:2)
  3 kobolds
  2 quokkas (D:1)
  A bat (D:1)
  4 frilled lizards
  2 rats (D:1)
25 creatures vanquished.

Notes
Turn   | Place    | Note
-------+----------+-------------------------------------------
     0 | D:1      | Ivernyr the Formicid Fighter began the quest for the Orb.
     0 | D:1      | Reached XP level 1. HP: 18/18 MP: 1/1
   357 | D:1      | Reached XP level 2. HP: 24/24 MP: 2/2
  1148 | D:2      | Reached XP level 3. HP: 10/29 MP: 3/3
  1166 | D:2      | HP: 1/30 [poisoned by an adder]
  1166 | D:2      | Slain by an adder

Illustrated notes

Levels and vault maps discovered:
D:1:      heliophobic_arrival_glass_houses, layout_basic
D:2:      layout_basic, uniq_jessica

Action                     || total
---------------------------++-------
  Melee: Quarterstaff      ||    71
 Armour: Scale mail        ||    83
  Dodge: Dodged            ||    44
  Block: Buckler           ||    29

Table legend: (Time is in decaauts)
 A = Elapsed time spent in this place.
 B = Non-inter-level travel time spent in this place.
 C = Inter-level travel time spent in this place.
 D = Time resting spent in this place.
 E = Time spent auto-exploring this place.
 F = Levels seen in this place.
 G = Mean time per level.
                   A        B        C        D        E       F      G
               +--------+--------+--------+--------+--------+-----+--------+
         Total |   1180 |   1145 |     35 |      0 |    948 |   2 |  590.0 |
       Dungeon |   1180 |   1145 |     35 |      0 |    948 |   2 |  590.0 |
               +--------+--------+--------+--------+--------+-----+--------+

Top non-repeatable levels by time:
     D:1: 1119 daAuts
     D:2: 61 daAuts
